 Dungeon Crawl Stone Soup version 0.30.1-9-gdf580d7c3d (webtiles) character file.

Game seed: 5766752272606890368

33 Hakai23 the Firebug (level 3, -2/24 HPs)
             Began as a Demonspawn Fire Elementalist on Oct 21, 2023.
             Slain by an adder (3 damage)
             ... on level 2 of the Dungeon.
             The game lasted 00:07:35 (950 turns).

Hakai23 the Firebug (Demonspawn Fire Elementalist)   Turns: 950, Time: 00:07:37

Health: -2/24      AC:  2    Str:  8    XL:     3   Next: 12%
Magic:  0/6        EV: 12    Int: 18    God:
Gold:   30         SH:  0    Dex: 13    Spells: 4/6 levels left

rFire   . . .        i - staff of cold
rCold   + . .        (no shield)
rNeg    . . .        a - +0 robe
rPois   .            (no helmet)
rElec   .            (no cloak)
rCorr   .            (no gloves)
SInv    .            (no boots)
Will    .....        (no amulet)
Stlth   ++           (no ring)
HPRegen 0.24/turn    (no ring)
MPRegen 0.10/turn

%: no passive effects
@: no status effects
A: powered by pain 1
a: no special abilities


You were on level 2 of the Dungeon.
You visited 1 branch of the dungeon, and saw 2 of its levels.

You collected 30 gold pieces.

Inventory:

Hand Weapons
 c - a +0 dagger
 h - a +0 short sword
Armour
 a - a +0 robe (worn)
Magical Staves
 i - a staff of cold (weapon)
Scrolls
 e - a scroll of enchant weapon {unknown}
 f - a scroll of butterflies {unknown}
 g - a scroll of magic mapping {unknown}
Potions
 b - a potion of magic
 d - a potion of berserk rage {unknown}
 j - a potion of attraction {unknown}


   Skills:
 * Level 0.4 Staves
 + Level 2.0 Dodging
 - Level 2.0 Stealth
 * Level 2.4 Spellcasting
 + Level 1.3 Conjurations
 + Level 0.1 Hexes
 * Level 3.0 Fire Magic


You had 4 spell levels left.
You knew the following spells:

 Your Spells              Type           Power      Damage    Failure   Level
a - Foxfire               Conj/Fire      40%        2x1d6     7%          1
b - Slow                  Hex            8%         N/A       16%         1

Your spell library contained the following spells:

 Spells                   Type           Power      Damage    Failure   Level
 Scorch                   Fire           26%        2d6       8%          2
 Inner Flame              Hex/Fire       8%         N/A       26%         3
 Volatile Blastmotes      Fire/Tloc      14%        2d11      28%         3
 Confusing Touch          Hex            2%         N/A       43%         3
 Vampiric Draining        Necr           2%         2d6       45%         3
 Flame Wave               Conj/Fire      10%        2d6       56%         4


Dungeon Overview and Level Annotations

Branches:
Dungeon (2/15)

Altars:


Innate Abilities, Weirdness & Mutations

You sometimes gain a little power by taking damage.


Message History

The bat closely misses you.
You hit the adder.
The adder is moderately wounded.
The foxfire hits the adder.
The adder is heavily wounded.
The foxfire hits the adder.
The adder is almost dead.
The adder bites you. The bat hits you. The adder bites you.
You miss the adder.
The adder is almost dead.
The bat barely misses you. The bat closely misses you. The adder bites you.
You are poisoned.
The adder poisons you! The bat barely misses you. The adder bites you.
You barely miss the adder.
The adder is almost dead.
You feel sick. The bat misses you. The adder bites you.
Found a stone staircase leading up.
You feel sick. The adder bites you.
Your magical contamination has completely faded away.
The bat attacks as you move away! The bat barely misses you.
You feel sick. The bat hits you. The adder bites you.
* * * LOW HITPOINT WARNING * * *
You barely miss the adder.
The adder is almost dead.
You feel sick. The bat completely misses you. The adder closely misses you.
The bat hits you.
* * * LOW HITPOINT WARNING * * *
You miss the adder.
The adder is almost dead.
You feel sick. The adder bites you.
* * * LOW HITPOINT WARNING * * *
The adder bites you but does no damage. The dart slug bites you.
* * * LOW HITPOINT WARNING * * *
Casting: Foxfire (safe; 7% risk of failure)
Confirm with . or Enter, or press ? or * to list all spells.
You conjure some foxfire!
You feel sick.
You are no longer poisoned.
The bat hits you.
* * * LOW HITPOINT WARNING * * *
The bat barely misses you. The adder bites you.
You die...

..................#.#
......#####..#........
.......................
.............#.##......
.............#.####.#.
.................. ..
.......!.....#.##.
...$...Sw.b..###
.......v@.#..#
##.......v#.....
##.......#.####
#.......#.. #...[...# #
#.......# #.......<
#######.#


You could see an adder (ally target), a dart slug and a bat (ally target).

Vanquished Creatures
  An adder (D:2)
  3 endoplasms (D:1)
  A giant cockroach (D:1)
  3 goblins (D:1)
  3 hobgoblins (D:1)
  4 ball pythons (D:1)
  2 bats (D:1)
  2 frilled lizards (D:1)
  A kobold (D:1)
  3 rats (D:1)
23 creatures vanquished.

Vanquished Creatures (others)
  49 foxfires
49 creatures vanquished.

Grand Total: 72 creatures vanquished

Notes
Turn   | Place    | Note
-------+----------+-------------------------------------------
     0 | D:1      | Hakai23 the Demonspawn Fire Elementalist began the quest
                  | for the Orb.
     0 | D:1      | Reached XP level 1. HP: 13/13 MP: 3/3
   193 | D:1      | Gained mutation: You sometimes gain a little power by
                  | taking damage. [demonic ancestry]
   193 | D:1      | Reached XP level 2. HP: 15/19 MP: 0/5
   454 | D:1      | Reached skill level 3 in Fire Magic
   542 | D:1      | Learned a level 1 spell: Slow
   941 | D:2      | Reached XP level 3. HP: 24/24 MP: 2/6
   950 | D:2      | HP: 1/24 [bat (1)]
   950 | D:2      | Slain by an adder

Illustrated notes

Levels and vault maps discovered:
D:1:      evilmike_arrival_crescent, layout_loops_cross, minmay_splitting_lines
D:2:      minmay_spotlight, layout_basic, chequers_ecumenical_altar_simple

Skill      XL: |  1  2 |
---------------+-------+-----
Stealth        | 2 |  2.0
Fire Magic     | 3 |  3.0
Dodging        | 2 |  2.0
Staves         | |  0.4
Spellcasting   | |  2.4
Conjurations   | |  1.3
Hexes          | |  0.1

Action                     || total
---------------------------++-------
  Melee: Dagger            ||     8
         Staff             ||     5
   Cast: Foxfire           ||    30
         Slow              ||     4
 Armour: Robe              ||     5
  Dodge: Dodged            ||    20
